 Dungeon Crawl Stone Soup version 0.29.1-12-g30fa7ad0bf (webtiles) character file.

Game seed: 6672807998501917744

101133 LustLizard the Severer (level 15, -1/132 HPs)
             Began as a Minotaur Fighter on Jan 9, 2023.
             Was a High Priest of Uskayaw.
             Slain by an orc knight
             ... wielding a +0 great sword
              (7 damage)
             ... on level 2 of the Orcish Mines.
             The game lasted 01:00:28 (34397 turns).

LustLizard the Severer (Minotaur Fighter)          Turns: 34397, Time: 01:00:29

Health: -1/132     AC: 21    Str: 34    XL:     15   Next: 82%
Magic:  32/32      EV: 12    Int:  9    God:    Uskayaw [*****.]
Gold:   1943       SH:  8    Dex: 16    Spells: 20/22 levels left

rFire   . . .      SeeInvis .   X - +1 broad axe (vorpal)
rCold   . . .      Faith    .   c - +1 buckler {AC+3}
rNeg    . . .      Spirit   .   m - +4 plate armour
rPois   .          Reflect  .   G - +1 hat {Int+3}
rElec   +          Harm     .   r - +0 cloak "Yskaref" {Fly rElec Str+4 Int-5}
rCorr   +          Rampage  +   P - +2 pair of gloves "Zaidonnu" {rCorr MP+9 Int+2}
Will    +....                   U - +1 pair of boots {rampage}
Stlth   ..........              (no amulet)
HPRegen 0.32/turn               s - +6 ring of strength
MPRegen 0.23/turn               O - +6 ring of dexterity

@: about to teleport, corroded, flying
A: horns 2, retaliatory headbutt
a: Renounce Religion, Stomp, Line Pass, Grand Finale


You were on level 2 of the Orcish Mines.
You worshipped Uskayaw.
Uskayaw was pleased with you.
You visited 4 branches of the dungeon, and saw 22 of its levels.
You also visited: Bailey and Gauntlet.

You collected 2604 gold pieces.
You spent 661 gold pieces at shops.

Inventory:

Hand Weapons
 W - the +7 mace "Xodghel" {flame, Str+6 Int+5 Dex-3}
   (You took it off a tengu warrior on level 13 of the Dungeon)

   It burns those it strikes, dealing additional fire damage.
   Str:       It affects your strength (+6).
   Int:       It affects your intelligence (+5).
   Dex:       It affects your dexterity (-3).
 X - a +1 vorpal broad axe (weapon)
Missiles
 b - 6 boomerangs
 i - 35 javelins (quivered)
 t - 5 curare-tipped darts
 D - 54 poisoned darts
 E - 8 silver javelins
 M - 2 silver boomerangs
 T - a throwing net
Armour
 c - a +1 buckler of protection (worn)
 m - a +4 plate armour (worn)
 r - the +0 cloak "Yskaref" (worn) {Fly rElec Str+4 Int-5}
   (You acquired it on level 11 of the Dungeon)

   Str:       It affects your strength (+4).
   Int:       It affects your intelligence (-5).
   rElec:     It insulates you from electricity.
   Fly:       It grants you flight.
 G - a +1 hat of intelligence (worn)
 K - a +2 tower shield of reflection
 P - the +2 pair of gloves "Zaidonnu" (worn) {rCorr MP+9 Int+2}
   (You found it in a Gauntlet)

   Int:       It affects your intelligence (+2).
   MP:        It affects your magic capacity (+9).
   rCorr:     It protects you from acid and corrosion.
 U - a +1 pair of boots of rampaging (worn)
Jewellery
 o - a ring of protection from fire
 q - the ring of Xom's Best Wishes {Wiz rN+}
   (You found it on level 3 of the Dungeon)

   [ring of wizardry]

   It improves your spell success rate.
   rN:        It protects you from negative energy.
 s - a +6 ring of strength (left hand)
 H - a ring of wizardry
 O - a +6 ring of dexterity (right hand)
 R - a ring of willpower
Wands
 u - a wand of flame (41)
 x - a wand of paralysis (29)
 y - a wand of polymorph (21)
 B - a wand of roots (13)
 S - a wand of quicksilver (10)
Scrolls
 a - 2 scrolls of identify
 g - 6 scrolls of teleportation
 h - 8 scrolls of enchant armour
 j - 3 scrolls of fog
 l - 2 scrolls of torment
 v - 2 scrolls of summoning
 C - 3 scrolls of immolation
 L - 3 scrolls of enchant weapon
 Q - 5 scrolls of magic mapping
 Y - 2 scrolls of poison
 Z - 2 scrolls of silence
Potions
 d - 2 potions of might
 e - a potion of cancellation
 f - 2 potions of ambrosia
 k - 7 potions of curing
 z - 2 potions of haste
 A - a potion of invisibility
 F - 4 potions of mutation
 I - a potion of berserk rage
 J - 3 potions of brilliance
 N - 4 potions of lignification
Miscellaneous
 p - a phial of floods
 w - a box of beasts (inert)
 V - a condenser vane


   Skills:
 + Level 12.1 Fighting
 * Level 20.7 Axes
 - Level 3.8 Throwing
 + Level 9.5 Armour
 + Level 8.2 Dodging
 + Level 9.6 Shields
 - Level 4.2 Spellcasting
 - Level 6.6 Translocations
 * Level 12.3 Invocations


You had 20 spell levels left.
You knew the following spells:

 Your Spells              Type           Power      Damage    Failure   Level
a - Blink                 Tloc           26%        N/A       19%         2

Your spell library contained the following spells:

 Spells                   Type           Power      Damage    Failure   Level
 Lesser Beckoning         Tloc           13%        N/A       36%         3
 Foxfire                  Conj/Fire      4%         2x1d4     89%         1
 Freeze                   Ice            4%         1d3       89%         1
 Magic Dart               Conj           4%         1d3       89%         1
 Call Imp                 Summ           1%         N/A       96%         2
 Ensorcelled Hibernation  Hex/Ice        2%         N/A       96%         2
 Passwall                 Tmut/Erth      0%         N/A       96%         2
 Searing Ray              Conj           2%         2d4       96%         2
 Static Discharge         Conj/Air       1%         3-4/arc   96%         2
 Sublimation of Blood     Necr           1%         N/A       96%         2
 Wereblood                Tmut           1%         N/A       96%         2
 Manifold Assault         Tloc           13%        N/A       98%         5
 Conjure Flame            Conj/Fire      1%         6-21      99%         3
 Frozen Ramparts          Ice            2%         1d1       99%         3
 Inner Flame              Hex/Fire       1%         N/A       99%         3
 Mephitic Cloud           Conj/Pois/Air  1%         N/A       99%         3
 Swiftness                Air            1%         N/A       99%         3
 Anguish                  Hex/Necr       0%         N/A       100%        4
 Flame Wave               Conj/Fire      1%         2d4       100%        4
 Fulminant Prism          Conj/Hex       0%         3d6       100%        4
 Hailstorm                Conj/Ice       1%         3d3       100%        4
 Ice Form                 Ice/Tmut       1%         N/A       100%        4
 Summon Ice Beast         Ice/Summ       1%         N/A       100%        4
 Lightning Bolt           Conj/Air       0%         1d11      100%        5
 Silence                  Hex/Air        0%         N/A       100%        5
 Yara's Violent Unravell  Hex/Tmut       0%         3d3       100%        5
 Enfeeble                 Hex            0%         N/A       100%        7
 Summon Hydra             Summ           0%         N/A       100%        7
 Maxwell's Capacitive Co  Air            0%         ∞         100%        8


Dungeon Overview and Level Annotations

Branches:
Dungeon (14/15)            Temple (1/1) D:5            Lair (5/5) D:9
  Swamp (0/4) Lair:3       Spider (0/4) Lair:3        Slime (0/5) Lair:5
    Orc (2/2) D:10            Elf (0/3) Orc:2        Bailey (visited)
Gauntlet (visited)
 Vaults: D:13-14

Altars:
Ashenzari
Cheibriados
Dithmenos
Elyvilon
Fedhas
Gozag
Hepliaklqana
Kikubaaqudgha
Makhleb
Nemelex Xobeh
Okawaru
Qazlal
Ru
Sif Muna
Trog
Uskayaw
Vehumet
Wu Jian
Xom
Yredelemnul
Zin
The Shining One

Shops:
D:1 (   D:3 (   D:4 !   D:10 *   Orc:2 (

Portals:
Hell: Lair:5

Annotations:
D:8 2 transporters
Lair:5 1 runed translucent door


Innate Abilities, Weirdness & Mutations

You have a pair of horns on your head.
You reflexively headbutt those who attack you in melee.


Message History

You hit the rust devil but do no damage.
You closely miss the ice devil. You slash the orc knight!
The ice devil hits you! The ice devil freezes you!! The rust devil hits you.
The rust devil corrodes you!
As you read the scroll of teleportation, it crumbles to dust.
You feel strangely unstable.
The orc warrior is no longer sharing its pain.
The orc knight hits you but does no damage.
The orc high priest barely misses you. You furiously retaliate!
You headbutt the orc high priest!
The orc priest calls upon Beogh to heal the orc priest.
The orc priest's wounds heal themselves!
The orc warrior completely misses you.
The orc high priest hits you from afar with a +0 halberd!
* * * LOW HITPOINT WARNING * * *
You block the ice devil's attack. You block the rust devil's attack.
You are confused.
You feel invigorated.
The ice devil is no longer sharing its pain.
The orc high priest is no longer sharing its pain.
The orc priest is no longer sharing its pain.
The orc priest calls down the wrath of Beogh upon you.
Beogh smites you!
* * * LOW HITPOINT WARNING * * *
The orc knight closely misses you.
The orc high priest hits you but does no damage.
The orc warrior misses you.
The orc high priest calls down the wrath of Beogh upon you.
Beogh smites you!
* * * LOW HITPOINT WARNING * * *
The ice devil hits you but does no damage.
The rust devil hits you.
The orange demon stings you but does no damage.
Uskayaw links your audience in an emotional bond!
You feel better.
You feel less invigorated.
The orc priest calls down the wrath of Beogh upon you.
Beogh smites you!
* * * LOW HITPOINT WARNING * * *
The orc knight hits you with a +0 great sword!
You die...

.## ##........###... ..###
##.........#.#... ....#
#.........#...... ....#
##..)............. ....#
##.)............... ....#
##.................. ...######
#))o4o)...........#. .###.#..##
##.4o4o)............#
.)#......####.)#@oo).))........##
##........##...#.o...)).......##
#.....#.......########)..######
#....##.......# ##.......##
)....####....## #..#...#..#
#...)#......## ##.........##
#.###.......# #...#...#...#
..'∩#.....### ##...........##
#.###....## #....#...#....#


You could see an orc knight (pain bonded), 2 orc high priests, an orange demon
(summoned, pain bonded), an ice devil (summoned, pain bonded), a rust devil
(summoned, pain bonded), 2 orc warriors and 2 orc priests.

Vanquished Creatures
  Gastronok (D:8)
  An orc warlord (Orc:2)
  Nessos (Lair:5)
  A minotaur (Gauntlet)
  Azrael (Orc:2)
  Josephine (Lair:4)
  The ghost of Sanktem7 the Fighter, a journeyman MiFi of Okawaru (D:10)
  5 boulder beetles
  7 hydras
  3 catoblepae
  6 centaur warriors
  6 two-headed ogres
  The ghost of mandoloar the Geomancer, a journeyman GrEE of Vehumet (D:10)
  11 death yaks
  2 tengu warriors
  Urug (Lair:3)
  2 orc high priests (Orc:2)
  A sun demon (Lair:5)
  A wizard (Lair:5)
  Pikel (D:7)
  6 orc knights (Orc:2)
  5 ugly things
  5 oklob plants (Lair:5)
  2 manticores (D:13)
  28 elephants
  4 cyclopes
  5 black mambas
  2 orange demons (Lair:5)
  A smoke demon (Lair:5)
  A torpor snail (Lair:5)
  A centaur skeleton (D:14)
  11 cane toads
  3 gargoyles
  3 rime drakes (Lair:5)
  11 komodo dragons
  An unseen horror (D:13)
  A tengu conjurer (D:13)
  A demonic crawler (Lair:3)
  4 ice devils (Lair:5)
  A polar bear (Lair:3)
  3 trolls
  3 meliai (D:13)
  16 dream sheep
  Grinder (D:3)
  13 blink frogs
  3 slime creatures (D:12)
  3 shadows
  51 yaks
  Sigmund (D:3)
  3 wyverns
  14 flying skulls (Gauntlet)
  4 fire elementals (Orc:2)
  6 wraiths
  2 chaos spawn (Gauntlet)
  A steam dragon (D:6)
  A neqoxec (Gauntlet)
  7 vampire mosquitoes
  2 basilisks
  3 wargs
  15 water moccasins
  2 acid dragons
  6 hell hounds
  39 orc warriors
  4 sky beasts
  An ice beast (D:5)
  A black bear (D:6)
  28 wolves
  4 ogres
  A boggart (D:14)
  20 centaurs
  A lemure (D:7)
  A phantom (D:4)
  5 kobold brigands
  8 bullfrogs
  7 scorpions
  A gnoll sergeant (D:9)
  5 necrophages
  5 jellies
  4 killer bees
  10 wights
  An electric eel (D:8)
  5 howler monkeys
  A hound (D:5)
  A gnoll bouda (D:10)
  39 orc priests
  Crazy Yiuf (D:3)
  Ijyb (D:3)
  10 iguanas
  23 orc wizards
  Natasha (thrice) (D:2)
  4 hell rats (Lair:2)
  10 gnolls
  14 adders
  A shadow imp (D:7)
  3 white imps
  An ufetubus (D:6)
  2 worms (Lair:3)
  2 dart slugs
  101 orcs
  4 endoplasms
  5 giant cockroaches
  11 goblins
  6 hobgoblins
  2 jackals (D:4)
  14 kobolds
  A quokka (D:1)
  7 ball pythons
  4 bats
  7 frilled lizards
  3 rats
742 creatures vanquished.

Vanquished Creatures (collateral kills)
  An orc knight (Orc:2)
  A warg (Orc:2)
  An orc priest (Orc:2)
  2 orcs (Orc:2)
5 creatures vanquished.

Vanquished Creatures (others)
  45 fungi
  80 plants
  6 withered plants (D:10)
131 creatures vanquished.

Grand Total: 878 creatures vanquished

Notes
Turn   | Place    | Note
-------+----------+-------------------------------------------
     0 | D:1      | LustLizard the Minotaur Fighter began the quest for the
                  | Orb.
     0 | D:1      | Reached XP level 1. HP: 19/19 MP: 0/0
   106 | D:1      | Reached skill level 3 in Axes
   250 | D:1      | Reached XP level 2. HP: 20/26 MP: 1/1
   315 | D:1      | Found Hyzate's Weapon Emporium.
   845 | D:1      | Reached skill level 4 in Axes
  1233 | D:2      | Reached XP level 3. HP: 20/31 MP: 2/2
  1420 | D:2      | Reached skill level 1 in Throwing
  1517 | D:2      | Noticed Natasha
  1526 | D:2      | Killed Natasha
  1527 | D:2      | Reached XP level 4. HP: 30/39 MP: 3/3
  1636 | D:2      | Noticed Natasha
  1643 | D:2      | Killed Natasha
  1644 | D:2      | Reached skill level 5 in Axes
  1688 | D:2      | Found a faded altar of an unknown god.
  1714 | D:2      | Noticed Natasha
  1719 | D:2      | Killed Natasha
  2142 | D:3      | Found Vumneaph's Weapon Emporium.
  2149 | D:3      | Reached XP level 5. HP: 45/45 MP: 4/4
  2152 | D:3      | Identified the ring of Xom's Best Wishes {Wiz rN+}
  2292 | D:3      | Noticed Grinder
  2297 | D:3      | Killed Grinder
  2298 | D:3      | Reached skill level 7 in Axes
  2298 | D:3      | Reached XP level 6. HP: 42/51 MP: 5/5
  2362 | D:3      | Noticed Sigmund
  2369 | D:3      | Killed Sigmund
  2406 | D:3      | Found a runed translucent door.
  2407 | D:3      | Noticed Crazy Yiuf
  2411 | D:3      | Killed Crazy Yiuf
  2412 | D:3      | Reached XP level 7. HP: 57/57 MP: 6/6
  2473 | D:3      | Noticed Ijyb
  2476 | D:3      | Paralysed by something for 5 turns
  2491 | D:3      | Paralysed by something for 3 turns
  2508 | D:3      | Killed Ijyb
  3009 | D:4      | Reached skill level 8 in Axes
  3071 | D:4      | Learned a level 2 spell: Blink
  3077 | D:4      | Found Nourchic's Distillery.
  3080 | D:4      | Bought a potion of heal wounds for 70 gold pieces
  3080 | D:4      | Bought a potion of curing for 42 gold pieces
  3221 | D:4      | Found a broken altar of Ashenzari.
  3495 | D:4      | Reached skill level 9 in Axes
  4228 | D:5      | Entered Level 5 of the Dungeon
  4399 | D:5      | Found a staircase to the Ecumenical Temple.
  4418 | Temple   | Entered the Ecumenical Temple
  4737 | D:5      | Reached skill level 1 in Translocations
  4936 | D:5      | Reached skill level 10 in Axes
  4936 | D:5      | Reached XP level 8. HP: 56/64 MP: 7/7
  5650 | D:6      | Reached skill level 11 in Axes
  5930 | D:6      | Noticed a gargoyle
  5940 | D:6      | Noticed a two-headed ogre
  5941 | D:6      | Killed a gargoyle
  5942 | D:6      | Reached skill level 12 in Axes
  6107 | D:6      | Killed a two-headed ogre
  6108 | D:6      | Reached XP level 9. HP: 46/70 MP: 8/8
  6143 | D:6      | Reached skill level 13 in Axes
  6588 | D:6      | Found a hide-covered altar of Uskayaw.
  6596 | D:6      | Became a worshipper of Uskayaw the Reveller
  6597 | D:6      | Reached * piety under Uskayaw
  6600 | D:6      | Reached ** piety under Uskayaw
  7329 | D:7      | Reached skill level 1 in Invocations
  7429 | D:7      | Reached skill level 14 in Axes
  7481 | D:7      | Reached *** piety under Uskayaw
  7516 | D:7      | Reached XP level 10. HP: 67/79 MP: 10/10
  7534 | D:7      | Found a sparkling altar of Nemelex Xobeh.
  7541 | D:7      | Found a sacrificial altar of Ru.
  7635 | D:7      | Reached skill level 1 in Spellcasting
  8283 | D:7      | Noticed Pikel
  8297 | D:7      | Killed Pikel
  8301 | D:7      | Reached **** piety under Uskayaw
  8708 | D:8      | Reached skill level 5 in Fighting
  8713 | D:8      | Noticed Gastronok
  8728 | D:8      | Killed Gastronok
  8729 | D:8      | Reached skill level 5 in Translocations
  9079 | D:8      | Reached skill level 15 in Axes
  9088 | D:8      | Reached ***** piety under Uskayaw
  9581 | D:8      | Found a transporter.
  9652 | D:8      | Found a transporter.
 10056 | D:9      | Reached XP level 11. HP: 69/89 MP: 13/13
 10587 | D:9      | Found a staircase to the Lair.
 10765 | D:9      | Found an opulent altar of Gozag.
 10772 | D:9      | Found a stormy altar of Qazlal.
 10777 | D:9      | Found a hazy altar of Hepliaklqana.
 11014 | D:10     | Entered Level 10 of the Dungeon
 11111 | D:10     | Found a runed translucent gate.
 11111 | D:10     | Found a runed translucent gate.
 11111 | D:10     | Found a runed translucent gate.
 11122 | D:10     | Noticed mandoloar's ghost (journeyman GrEE)
 11122 | D:10     | Noticed Sanktem7's ghost (journeyman MiFi)
 11155 | D:10     | Found a flagged portal.
 11242 | Bailey   | Entered a bailey
 11970 | Bailey   | Reached skill level 16 in Axes
 12262 | Bailey   | Reached ****** piety under Uskayaw
 13163 | D:11     | Reached skill level 5 in Invocations
 13377 | D:11     | Noticed a two-headed ogre
 13386 | D:11     | Killed a two-headed ogre
 14649 | D:11     | Reached XP level 12. HP: 99/101 MP: 16/16
 14688 | D:11     | Noticed a boulder beetle
 14704 | D:11     | Killed a boulder beetle
 14839 | D:11     | Identified a scroll of acquirement
 14840 | D:11     | Acquired the +0 cloak "Yskaref" {Fly rElec Str+4 Int-5}
 15006 | D:12     | Noticed a two-headed ogre
 15009 | D:12     | Noticed a two-headed ogre
 15025 | D:12     | Killed a two-headed ogre
 15029 | D:12     | Killed a two-headed ogre
 15030 | D:12     | Reached skill level 17 in Axes
 15163 | D:12     | Noticed a boulder beetle
 15174 | D:12     | Killed a boulder beetle
 15262 | D:12     | Found an ancient bone altar of Kikubaaqudgha.
 15704 | D:12     | Identified the +9 trident "Biwireitt" {vorpal, Fly}
 16098 | Lair:1   | Entered Level 1 of the Lair of Beasts
 16286 | Lair:1   | Reached skill level 1 in Dodging
 16400 | Lair:1   | Noticed a four-headed hydra
 16411 | Lair:1   | Killed a four-headed hydra
 17784 | Lair:2   | Reached skill level 5 in Armour
 17784 | Lair:2   | Reached skill level 5 in Shields
 17785 | Lair:2   | Reached XP level 13. HP: 79/111 MP: 18/18
 18588 | Lair:3   | Reached skill level 18 in Axes
 18597 | Lair:3   | Noticed Urug
 18624 | Lair:3   | Killed Urug
 18865 | Lair:3   | Found a staircase to the Swamp.
 18915 | Lair:3   | Found a hole to the Spider Nest.
 20270 | Lair:4   | Reached skill level 10 in Fighting
 20323 | Lair:4   | Noticed Josephine
 20336 | Lair:4   | Killed Josephine
 20695 | Lair:4   | Identified the +1 helmet of the Noxious God {rF+ rN+ Will++
                  | Int-3}
 21095 | Lair:4   | Reached skill level 5 in Dodging
 21525 | Lair:5   | Entered Level 5 of the Lair of Beasts
 21536 | Lair:5   | Found a runed translucent door.
 21561 | Lair:5   | Reached XP level 14. HP: 115/121 MP: 20/20
 21733 | Lair:5   | Reached skill level 19 in Axes
 21782 | Lair:5   | Noticed an acid blob
 21976 | Lair:5   | Reached skill level 10 in Invocations
 23114 | Lair:5   | Found a burning altar of Makhleb.
 23265 | Lair:5   | Found a gateway to Hell.
 23314 | Lair:5   | Noticed Nessos
 23327 | Lair:5   | Killed Nessos
 23937 | Lair:5   | Found a staircase to the Slime Pits.
 23937 | Lair:5   | Noticed an acid blob
 26355 | D:13     | Reached XP level 15. HP: 130/130 MP: 22/22
 26602 | D:13     | Identified the +7 mace "Xodghel" {flame, Str+6 Int+5 Dex-3}
 28168 | D:13     | Reached skill level 20 in Axes
 30494 | D:10     | Found a staircase to the Orcish Mines.
 30852 | D:10     | Found Pumn's Assorted Antiques.
 30861 | D:10     | Bought a scroll of teleportation for 63 gold pieces
 30861 | D:10     | Bought a scroll of summoning for 199 gold pieces
 30914 | D:10     | Killed mandoloar's ghost
 30914 | D:10     | Killed Sanktem7's ghost
 31229 | Orc:1    | Entered Level 1 of the Orcish Mines
 31380 | Orc:2    | Entered Level 2 of the Orcish Mines
 31408 | Orc:2    | Found Levotapei's Antique Weapon Shop.
 31411 | Orc:2    | Bought a runed broad axe for 287 gold pieces
 31462 | Orc:2    | Noticed Azrael
 31472 | Orc:2    | Noticed an orc warlord
 31665 | Orc:2    | Killed an orc warlord
 31678 | Orc:2    | Killed Azrael
 31774 | Orc:2    | Found a gate leading to a gauntlet.
 31783 | Gauntlet | Entered a Gauntlet
 31783 | Gauntlet | Found a transporter.
 31783 | Gauntlet | Found a transporter.
 31783 | Gauntlet | Found a transporter.
 31974 | Gauntlet | Found a transporter.
 31975 | Gauntlet | Found a transporter.
 31978 | Gauntlet | Found a transporter.
 31991 | Gauntlet | Found a transporter.
 31993 | Gauntlet | Found a transporter.
 31995 | Gauntlet | Found a transporter.
 31995 | Gauntlet | Found a transporter.
 32008 | Gauntlet | Found a transporter.
 32008 | Gauntlet | Found the +1 cloak of Starlight {*Dazzle EV+4 Stlth--}
 32011 | Gauntlet | Found a transporter.
 32408 | Gauntlet | Identified the +2 pair of gloves "Zaidonnu" {rCorr MP+9
                  | Int+2}
 32861 | Gauntlet | Found the +3 robe of Clouds {*Thunder rCloud rElec}
 32862 | Gauntlet | Found the +2 cloak of the Thief {*Fog Slay-2 SInv Stlth+}
 32869 | Gauntlet | Got Fuzxuh's Grimoire of the Snowflakes
 32886 | Gauntlet | Got Badem's Tome of the Oath
 32888 | Gauntlet | Identified the +4 long sword of Ryeje {spect, SInv}
 34102 | Orc:2    | Found a staircase to the Elven Halls.
 34397 | Orc:2    | HP: 6/132 [orc priest/divine providence (15)]
 34397 | Orc:2    | Slain by an orc knight

Illustrated notes

Levels and vault maps discovered:
D:1:      eino_arrival_druids_welcome, layout_basic, serial_shops,
          shop_fountains, minmay_quantized
D:2:      layout_loops_cross, basic_ecumenical_altar, uniq_natasha
D:3:      layout_loops_ring, serial_shops, nicolae_shop_bloodbath_and_beyond,
          hangedman_abyss_or_decor_stabs, uniq_grinder, uniq_sigmund, uniq_ijyb,
          uniq_crazy_yiuf_cottage
D:4:      layout_basic, evilmike_ruin_ashenzari, serial_shops,
          nicolae_shop_trees
D:5:      layout_gridville, minmay_temple_entry_offerings, grunt_ministairs_4,
          kennysheep_small_square
D:6:      minmay_cornered_nines, layout_cave_pools,
          nicolae_uskayaw_murder_on_the_dancefloor, kennysheep_generic_room_5
D:7:      layout_loops_cross, minitemple, kennysheep_potato, uniq_pikel
D:8:      gammafunk_wand_slinger, layout_loops_ring, nicolae_lava_and_water,
          serial_bayou_pond_b, uniq_gastronok
D:9:      layout_loops_ring, minmay_overflow_temple_star_quad, lair_entry_dummy
D:10:     minmay_goldmine, layout_small_grid, erik_orc_3, serial_shops,
          nicolae_lakefront_shop, gammafunk_ghost_cemetery, enter_bailey_5
D:11:     layout_irregular_city
D:12:     layout_long_grid, nicolae_kikubaaqudgha_miasma_corner
D:13:     kennysheep_ambush_hall, layout_basic
D:14:     layout_stronghold, hangedman_vaults_entry_quadrant_bands, basic_altar
Temple:   regret_index_temple_waves
Lair:1:   layout_layer_cave
Lair:2:   layout_regular_city, minivault_27, serial_bayou_shore_a
Lair:3:   layout_chaotic_city, minmay_swamp_entry_reptiles,
          nicolae_spider_entry_non_spiders, grunt_megastairs_4,
          lemuel_fruit_tree, uniq_urug
Lair:4:   minmay_lair_venomous_thicket, layout_layer_cave, uniq_josephine
Lair:5:   evil_forest, layout_regular_city, slime_entry_2, serial_bayou_pond_a,
          minivault_27, serial_bayou_pond_d, dpeg_oklob_1, uniq_nessos
Orc:1:    layout_caves, uniq_erolcha
Orc:2:    st_orc_pillars, layout_diamond_mine, gauntlet_entry_generic,
          serial_shops, nicolae_shop_window_shopping, basic_altar, uniq_azrael

Skill      XL: |  1  2  3  4  5  6  7  8  9 10 11 12 13 14 15 |
---------------+----------------------------------------------+-----
Axes           | 3 4 5 7 10 12 14 15 16 17 18 19 20 | 20.7
Throwing       | 1 2 3 |  3.8
Translocations | 1 3 4 5 6 |  6.6
Fighting       | 4 6 7 9 10 11 12 | 12.1
Invocations    | 1 3 5 7 9 11 12 | 12.3
Spellcasting   | 2 3 4 |  4.2
Dodging        | 3 5 7 8 |  8.2
Shields        | 5 6 8 9 |  9.6
Armour         | 5 6 8 9 |  9.5

Action                   |  1- 3 |  4- 6 |  7- 9 | 10-12 | 13-15 || total
-------------------------+-------+-------+-------+-------+-------++-------
Melee: War axe           |    66 |    35 |   231 |   514 |   623 ||  1469
       Headbutt          |     7 |     6 |    45 |    96 |   206 ||   360
       Trident           |       |       |       |     3 |    22 ||    25
       Broad axe         |       |       |       |       |   204 ||   204
       Mace              |       |       |       |       |    26 ||    26
Throw: Stone             |       |       |    31 |    58 |       ||    89
       Dart              |       |       |     7 |    33 |     5 ||    45
       Boomerang         |       |       |       |    31 |    44 ||    75
       Javelin           |       |       |       |     3 |    52 ||    55
Invok: Line Pass         |       |       |       |     1 |     3 ||     4
       Stomp             |       |       |       |     3 |    11 ||    14
       Grand Finale      |       |       |       |       |     2 ||     2
Evoke: Wand              |       |       |       |       |    12 ||    12
       Box of beasts     |       |       |       |       |     1 ||     1
  Use: Potion            |       |     1 |     1 |     2 |     9 ||    13
       Scroll            |       |       |     1 |    18 |    17 ||    36
 Stab: Paralysed         |       |       |     1 |    55 |   124 ||   180
       Confused          |       |       |       |       |     2 ||     2
Armor: Scale mail        |    13 |       |       |       |       ||    13
       Plate armour      |    18 |    12 |    99 |   195 |   360 ||   684
Dodge: Dodged            |    23 |     6 |    59 |   135 |   324 ||   547
Block: Buckler           |    14 |     5 |    32 |    92 |   175 ||   318
